General information
- name: BNet
- type: Ladder 1vs1/FFA
- host: Battle.net
- saver: TigerMask
map: PlunderIsle
- players: 2
- length: 37:46
- speed: Fast
- version: 1.26 W3XP
- replay type: Public
» download(110 KB)
Players
team 1 (loser)
JOOKBOY (
orange | 35 APM | 1320 actions | 37:44)
5 Keeper of the Grove
2 Force of Nature
2 Thorns Aura
1 Entangling Roots
4 Demon Hunter
2 Evasion
2 Immolation
3 Priestess of the Moon
2 Searing Arrows
1 Trueshot Aura
» actions
| Basic commands | 1 | |
| Build / train | 110 | |
| Enter build submenu | 25 | |
| Enter hero's abilities submenu | 12 | |
| Give item / drop item | 3 | |
| Remove unit from queue | 2 | |
| Right click | 495 | |
| Select / deselect | 576 | |
| Use ability | 95 | |
1320 total
» units
| Wisp | 33 | |
| Huntress | 9 | |
| Chimaera | 15 | |
| Hippogryph | 16 | |
73 total
» upgrades
| Moon Armor | 2 | |
| Strength of the Moon | 2 | |
| Reinforced Hides | 3 | |
| Strength of the Wild | 3 | |
| Well Spring | 1 | |
| Nature's Blessing | 1 | |
| Corrosive Breath | 1 | |
13 total
» buildings
| Altar of Elders | 1 | |
| Moon Well | 8 | |
| Hunter's Hall | 1 | |
| Ancient of War | 2 | |
| Tree of Life | 2 | |
| Ancient Protector | 3 | |
| Tree of Ages | 1 | |
| Tree of Eternity | 1 | |
| Ancient of Wind | 3 | |
| Chimaera Roost | 4 | |
26 total
» build order
00:08 Altar of Elders
00:20 Moon Well
01:15 Moon Well
01:59 Hunter's Hall
02:04 Ancient of War
02:54 Tree of Life
03:10 Ancient Protector
03:41 Ancient Protector
03:46 Ancient of War
03:59 Moon Well
05:14 Moon Well
07:36 Tree of Ages
09:00 Moon Well
09:58 Tree of Eternity
11:02 Ancient of Wind
12:32 Chimaera Roost
12:39 Chimaera Roost
12:47 Moon Well
12:51 Moon Well
12:54 Moon Well
16:02 Chimaera Roost
16:05 Chimaera Roost
16:21 Ancient Protector
19:50 Tree of Life
21:49 Ancient of Wind
21:51 Ancient of Wind
» items
| Periapt of Vitality | 2 | |
| Scroll of Protection | 2 | |
| Scroll of Town Portal | 1 | |
5 total
team 2 (winner)
TigerMask (
green | 89 APM | 3344 actions | 37:46)
10 Warden
3 Fan of Knives
3 Blink
3 Shadow Strike
1 Spirit of Vengeance
» actions
| Assign group hotkey | 215 | |
| Basic commands | 29 | |
| Build / train | 157 | |
| Enter build submenu | 69 | |
| Enter hero's abilities submenu | 10 | |
| Give item / drop item | 6 | |
| Remove unit from queue | 16 | |
| Right click | 1733 | |
| Select / deselect | 465 | |
| Select group hotkey | 372 | |
| Use ability | 272 | |
3344 total
» units
| Wisp | 65 | |
| Archer | 7 | |
| Hippogryph | 28 | |
| Faerie Dragon | -3 | |
| Chimaera | 11 | |
108 total
» upgrades
| Well Spring | 1 | |
| Nature's Blessing | 1 | |
| Strength of the Wild | 3 | |
| Corrosive Breath | 1 | |
| Reinforced Hides | 3 | |
9 total
» buildings
| Moon Well | 35 | |
| Altar of Elders | 1 | |
| Ancient of War | 1 | |
| Tree of Ages | 3 | |
| Hunter's Hall | 1 | |
| Tree of Eternity | 2 | |
| Ancient of Wind | 2 | |
| Tree of Life | 4 | |
| Ancient Protector | 21 | |
| Ancient of Wonders | 1 | |
| Chimaera Roost | 2 | |
73 total
» build order
00:06 Moon Well
00:40 Altar of Elders
00:57 Moon Well
01:30 Ancient of War
01:58 Moon Well
02:06 Moon Well
02:47 Moon Well
03:35 Moon Well
04:11 Moon Well
04:31 Moon Well
05:01 Moon Well
05:25 Tree of Ages
06:09 Hunter's Hall
06:41 Moon Well
06:44 Moon Well
09:23 Moon Well
09:23 Moon Well
09:24 Moon Well
09:25 Moon Well
09:26 Moon Well
09:27 Moon Well
09:39 Moon Well
10:15 Moon Well
10:16 Tree of Eternity
10:25 Moon Well
10:28 Moon Well
10:33 Moon Well
10:34 Moon Well
11:44 Ancient of Wind
11:49 Tree of Life
11:53 Ancient Protector
11:55 Ancient Protector
12:21 Ancient Protector
12:23 Ancient Protector
13:59 Ancient of Wonders
16:02 Moon Well
16:02 Moon Well
16:02 Moon Well
16:03 Moon Well
16:03 Moon Well
16:12 Ancient Protector
16:13 Ancient Protector
16:16 Ancient Protector
16:19 Chimaera Roost
16:46 Chimaera Roost
18:55 Ancient Protector
18:55 Ancient Protector
18:56 Ancient Protector
18:57 Ancient Protector
19:04 Ancient Protector
19:10 Ancient Protector
20:35 Tree of Life
20:46 Ancient Protector
20:46 Ancient Protector
20:47 Ancient Protector
20:47 Ancient Protector
20:47 Ancient Protector
20:55 Ancient Protector
21:07 Ancient Protector
24:32 Tree of Life
25:40 Tree of Ages
25:40 Tree of Ages
28:10 Moon Well
28:10 Moon Well
28:11 Moon Well
28:41 Moon Well
28:42 Moon Well
28:43 Moon Well
28:44 Moon Well
32:18 Ancient of Wind
32:34 Tree of Eternity
35:15 Tree of Life
35:20 Ancient Protector
» items
| Boots of Speed | 1 | |
| Staff of Teleportation | 1 | |
| Potion of Invisibility | 2 | |
| Scroll of Town Portal | 1 | |
| Periapt of Vitality | 1 | |
| Potion of Lesser Invulnerability | 1 | |
7 total
Chat log
(00:11 / All) TigerMask: I can tell you have mh
(00:22 / All) TigerMask: awesome delay
(00:30 / All) TigerMask: At the start
(01:35 / All) TigerMask: Europe is full of mhers
(02:13 / All) TigerMask: your love's got me so crazy right now
(02:17 / All) TigerMask: your mh got me so crazy rtight now
(02:29 / All) TigerMask: sorry shouldn't accuse you you probably just have zmap
(07:11 / All) TigerMask: like I said
(07:21 / All) TigerMask: mhing trash
(07:42 / All) TigerMask: what is the point of playing a 10 year old game with a cheat
(07:50 / All) TigerMask: getting a good record on a dead game you are a fucking retadr
(08:25 / All) TigerMask: l;ol
(08:37 / All) TigerMask: you stop my units
(09:32 / All) TigerMask: zmap a big drain?
(10:41 / All) TigerMask: making it look good?
(13:26 / All) JOOKBOY: i give u time
(13:33 / All) TigerMask: how generous
(13:39 / All) TigerMask: how about turn off your cheats
(14:07 / All) JOOKBOY: ok
(15:56 / All) JOOKBOY: very good
(16:42 / All) JOOKBOY: no more hnt
(16:46 / All) JOOKBOY: and now<
(26:36 / All) TigerMask: not so much cock guy now?
(29:20 / All) TigerMask: not so much cock guy now? cock guy!
(31:46 / All) TigerMask: not so much cock guy now?
(34:57 / All) TigerMask: How much gold you have cock guy?
(35:03 / All) TigerMask: me 3k
(36:52 / All) TigerMask: lol
(37:22 / All) TigerMask: dead cock guy